Connexion

EDMONTON Oilers vs COLORADO Avalanche

Created - 6 avril 2024 at 06:00

Goals
1 2 3 T
EDMONTON Oilers 1 1 1 3
COLORADO Avalanche 1 2 2 5
Shots
1 2 3 T
EDMONTON Oilers 5 18 11 34
COLORADO Avalanche 6 10 8 24

GoalsPenalties
1st period
1. COLORADO Avalanche , Alexander Wennberg 32 (Mark Pysyk 37, Oliver Kylington 47) at 0:31
2. EDMONTON Oilers , Dylan Strome 24 (Jack Quinn 15) at 10:06
Mitch Marner (EDM) for Cross-checking (Minor) at 19:17
2nd period
3. COLORADO Avalanche , Mark Pysyk 10 (Johnny Gaudreau 35) at 5:50
4. EDMONTON Oilers , Jack Quinn 17 (Rasmus Sandin 31, Dylan Strome 27) at 6:04
5. COLORADO Avalanche , Maxime Comtois 8 (Gabriel Vilardi 14, Noah Dobson 36) at 12:06
Maxime Comtois (COL) for Cross-checking (Minor) at 6:48
Roman Josi (EDM) for Tripping (Minor) at 16:51
3rd period
6. COLORADO Avalanche , Glenn Gawdin 10 (Oliver Kylington 48) at 2:38
7. EDMONTON Oilers , Dylan Strome 25 (Jack Quinn 16) at 10:48
8. COLORADO Avalanche , Johnny Gaudreau 32 (Anthony Mantha 36, Claude Giroux 40) at 19:52 (Empty Net)
Alexander Romanov (EDM) for Tripping (Minor) at 11:15
Goalie Stats
Mike Smith (EDM), 13 saves from 17 shots - (0,765), L, 11-11-0, 42:38 minutes
Kyle Keyser (EDM), 6 saves from 6 shots - (1,000), 16:36 minutes
Laurent Brossoit (COL), 31 saves from 34 shots - (0,912), W, 9-5-2, 60:00 minutes
3 StarsOfficial
1 - Dylan Strome (EDM)
2 - Mark Pysyk (COL)
3 - Jack Quinn (EDM)
Referees : Marcus Vinnerberg and Tom Kowal
Linesman : Derek Nansen and Darren Gibbs
Game Note
Christian Djoos is injured at 8:52 of 1st period (Bruised Right Leg)
Kyle Keyser enters game at 2:38 of 3rd period
Johnny Gaudreau has scored in a empty net!
Finance
Level 1 -- Attendance: 6000 (100,00%) -- Ticket Income $600,000
Level 2 -- Attendance: 5007 (100,00%) -- Ticket Income $400,560
Level 3 -- Attendance: 1379 (68,95%) -- Ticket Income $96,530
Level 4 -- Attendance: 3300 (82,50%) -- Ticket Income $132,000
Luxury Box -- Attendance: 562 (56,20%) -- Ticket Income $281,000
Game was played at the Pepsi Center.
Total Attendance: 16248 (90,23%)
Total Ticket Income: $1,510,090
Other Income: $302,018
Total Income: $1,812,108



Team Name Goals Shots Shots Attemp Shots Blocked PIM HIT PP PK FO%
EDMONTON Oilers 33450106180 / 1 (0%)040%
COLORADO Avalanche 5245142180 / 3 (0%)060%

EDMONTON Oilers
Player Name POS G A P +/- PIM HIT SHT SB MP PP MP PP SHT PK MP PK SHT FO% FOT
Alexander RomanovD0003200016:010:0000:4200% 0
Arthur KaliyevRW000-2001115:340:4600:0000% 2
Casey CizikasC000001006:140:0000:00050% 6
Clayton KellerC/LW/RW000-3012021:351:1301:18033% 30
Colton ParaykoD000-3000119:011:1303:1400% 0
Connor BunnamanC/LW000000106:140:0000:0000% 0
Dylan StromeC2133013012:050:0000:07043% 14
Evander KaneC/LW/RW000-2074018:110:4612:37050% 20
Jack QuinnRW1233001011:580:0000:00025% 4
Mackenzie EntwistleRW000000106:140:0000:0000% 0
Mike AmadioC/LW/RW000-2002016:050:4610:3100% 1
Mitch MarnerRW000-3225121:391:1311:230100% 2
Nikolaj EhlersLW000-3005123:351:1303:18017% 6
Oliver Ekman-LarssonD000-3011119:011:1313:1400% 0
Rasmus SandinD0113012215:550:0000:2100% 0
Roman Josi D000-2213124:560:4612:0100% 0
Tony DeAngeloD000-2032225:040:4612:2200% 0
Yegor SharangovichC/LW0003001014:380:0002:400100% 2
COLORADO Avalanche
Player Name POS G A P +/- PIM HIT SHT SB MP PP MP PP SHT PK MP PK SHT FO% FOT
Adam RuzickaC000000000:000:0000:0000% 0
Alexander WennbergC1012004020:042:5700:35055% 22
Anthony ManthaLW/RW0110052020:383:0000:0000% 1
Anze KopitarC000-1011018:112:5700:35057% 14
Brenden DillonD0000020119:440:0901:0600% 0
Christian DjoosD000000012:380:0000:0000% 0
Claude GirouxC/LW/RW0110013020:573:0011:24070% 33
Gabriel VilardiC/RW0112010019:292:5700:00050% 2
Glenn GawdinC/LW101-1022014:390:0000:000100% 1
Jeff Petry D0001021226:073:1600:5100% 0
Johnny GaudreauLW1121004024:533:0001:00043% 7
Luke GlendeningC/RW000-1001015:000:0000:0000% 0
Mark PysykD1122032018:522:3210:5300% 0
Martin FrkRW000100004:200:0000:0000% 1
Maxime ComtoisLW1012212016:310:0000:00067% 3
Noah DobsonD0111000024:343:2500:0000% 0
Oliver KylingtonD0220002026:392:3201:0800% 0
Philip TomasinoC000100004:440:0000:24067% 3



Play-by-Play

1st period


0:01 of 1st period - Clayton Keller wins face-off versus Claude Giroux in neutral zone.
0:08 of 1st period - Jeff Petry is hit by Tony DeAngelo and loses puck.
0:25 of 1st period - Icing by Roman Josi .
0:26 of 1st period - Alexander Wennberg wins face-off versus Clayton Keller in EDMONTON Oilers zone.
0:31 of 1st period - Shot by Alexander Wennberg.
0:31 of 1st period - Goal by Alexander Wennberg - EDMONTON Oilers : 0 - COLORADO Avalanche : 1.
0:32 of 1st period - Anze Kopitar wins face-off versus Evander Kane in neutral zone.
1:56 of 1st period - Icing by Oliver Kylington.
1:57 of 1st period - Alexander Wennberg wins face-off versus Dylan Strome in COLORADO Avalanche zone.
2:23 of 1st period - Shot by Jack Quinn.
2:23 of 1st period - Shot Misses the Net.
2:34 of 1st period - Icing by Alexander Wennberg.
2:35 of 1st period - Clayton Keller wins face-off versus Alexander Wennberg in COLORADO Avalanche zone.
2:35 of 1st period - Nikolaj Ehlers is hit by Mark Pysyk and loses puck.
3:19 of 1st period - Shot by Jeff Petry .
3:19 of 1st period - Stopped by Mike Smith without a rebound.
3:20 of 1st period - Casey Cizikas wins face-off versus Martin Frk in EDMONTON Oilers zone.
3:56 of 1st period - Shot by Philip Tomasino.
3:56 of 1st period - Shot Misses the Net.
4:36 of 1st period - Icing by Dylan Strome.
4:37 of 1st period - Gabriel Vilardi wins face-off versus Jack Quinn in EDMONTON Oilers zone.
4:55 of 1st period - Icing by Mark Pysyk.
4:56 of 1st period - Mitch Marner wins face-off versus Alexander Wennberg in COLORADO Avalanche zone.
5:19 of 1st period - Shot by Alexander Wennberg.
5:19 of 1st period - Deflect By Gabriel Vilardi.
5:19 of 1st period - Shot Blocked by Tony DeAngelo.
6:07 of 1st period - Shot by Claude Giroux.
6:07 of 1st period - Shot Blocked by Arthur Kaliyev.
6:09 of 1st period - Shot by Johnny Gaudreau.
6:09 of 1st period - Stopped by Mike Smith without a rebound.
6:10 of 1st period - Evander Kane wins face-off versus Anze Kopitar in EDMONTON Oilers zone.
6:10 of 1st period - Evander Kane is hit by Glenn Gawdin.
6:24 of 1st period - Shot by Arthur Kaliyev.
6:24 of 1st period - Shot Misses the Net.
6:26 of 1st period - Shot by Arthur Kaliyev.
6:26 of 1st period - Deflect By Mike Amadio.
6:26 of 1st period - Stopped by Laurent Brossoit without a rebound.
6:27 of 1st period - Dylan Strome wins face-off versus Johnny Gaudreau in COLORADO Avalanche zone.
6:49 of 1st period - Shot by Dylan Strome.
6:49 of 1st period - Shot Misses the Net.
6:57 of 1st period - Shot by Dylan Strome.
6:57 of 1st period - Stopped by Laurent Brossoit with a rebound.
7:02 of 1st period - Jack Quinn is hit by Jeff Petry and loses puck.
7:33 of 1st period - Off-side.
7:34 of 1st period - Clayton Keller wins face-off versus Alexander Wennberg in neutral zone.
7:39 of 1st period - Shot by Nikolaj Ehlers.
7:39 of 1st period - Stopped by Laurent Brossoit without a rebound.
7:40 of 1st period - Clayton Keller wins face-off versus Alexander Wennberg in COLORADO Avalanche zone.
8:44 of 1st period - Shot by Luke Glendening.
8:44 of 1st period - Stopped by Mike Smith without a rebound.
8:45 of 1st period - Evander Kane wins face-off versus Claude Giroux in EDMONTON Oilers zone.
8:52 of 1st period - Shot by Evander Kane.
8:52 of 1st period - Shot Blocked by Christian Djoos.
8:52 of 1st period - Christian Djoos from COLORADO Avalanche is injured at 8:52 of 1st period (Bruised Right Leg).
8:53 of 1st period - Evander Kane wins face-off versus Johnny Gaudreau in COLORADO Avalanche zone.
8:53 of 1st period - Evander Kane is hit by Jeff Petry .
9:07 of 1st period - Colton Parayko is hit by Anthony Mantha and loses puck.
10:06 of 1st period - Shot by Dylan Strome.
10:06 of 1st period - Goal by Dylan Strome - EDMONTON Oilers : 1 - COLORADO Avalanche : 1.
10:07 of 1st period - Alexander Wennberg wins face-off versus Clayton Keller in neutral zone.
10:14 of 1st period - Mark Pysyk is hit by Mitch Marner and loses puck.
10:23 of 1st period - Shot by Clayton Keller.
10:23 of 1st period - Stopped by Laurent Brossoit with a rebound.
10:25 of 1st period - Shot by Roman Josi .
10:25 of 1st period - Shot Misses the Net.
11:13 of 1st period - Casey Cizikas is hit by Gabriel Vilardi and loses puck.
11:56 of 1st period - Icing by Colton Parayko.
11:57 of 1st period - Yegor Sharangovich wins face-off versus Claude Giroux in EDMONTON Oilers zone.
12:26 of 1st period - Shot by Anthony Mantha.
12:26 of 1st period - Stopped by Mike Smith with a rebound.
12:28 of 1st period - Shot by Anthony Mantha.
12:28 of 1st period - Stopped by Mike Smith without a rebound.
12:29 of 1st period - Anze Kopitar wins face-off versus Clayton Keller in EDMONTON Oilers zone.
12:32 of 1st period - Shot by Luke Glendening.
12:32 of 1st period - Shot Misses the Net.
13:44 of 1st period - Icing by Anze Kopitar.
13:45 of 1st period - Anze Kopitar wins face-off versus Dylan Strome in COLORADO Avalanche zone.
14:19 of 1st period - Anthony Mantha is hit by Rasmus Sandin and loses puck.
14:23 of 1st period - Icing by Alexander Romanov.
14:24 of 1st period - Alexander Wennberg wins face-off versus Dylan Strome in EDMONTON Oilers zone.
15:51 of 1st period - Icing by Jeff Petry .
15:52 of 1st period - Claude Giroux wins face-off versus Clayton Keller in COLORADO Avalanche zone.
15:52 of 1st period - Claude Giroux is hit by Oliver Ekman-Larsson.
19:08 of 1st period - Off-side.
19:09 of 1st period - Anze Kopitar wins face-off versus Clayton Keller in neutral zone.
19:17 of 1st period - Minor Penalty to Mitch Marner for Cross-checking.
19:18 of 1st period - Nikolaj Ehlers wins face-off versus Gabriel Vilardi in EDMONTON Oilers zone.
Goals for this period are 1 for EDMONTON Oilers vs 1 for COLORADO Avalanche .
Shots for this period are 5 for EDMONTON Oilers vs 6 for COLORADO Avalanche .

2nd period


0:01 of 2nd period - Claude Giroux wins face-off versus Nikolaj Ehlers in neutral zone.
0:36 of 2nd period - Shot by Johnny Gaudreau.
0:36 of 2nd period - Deflect By Claude Giroux.
0:36 of 2nd period - Shot Misses the Net.
0:38 of 2nd period - Shot by Claude Giroux.
0:38 of 2nd period - Stopped by Mike Smith without a rebound.
0:39 of 2nd period - Alexander Wennberg wins face-off versus Nikolaj Ehlers in EDMONTON Oilers zone.
1:00 of 2nd period - Shot by Mark Pysyk.
1:00 of 2nd period - Stopped by Mike Smith without a rebound.
1:01 of 2nd period - Claude Giroux wins face-off versus Nikolaj Ehlers in EDMONTON Oilers zone.
1:18 of 2nd period - Luke Glendening is hit by Casey Cizikas and loses puck.
2:38 of 2nd period - Shot by Evander Kane.
2:38 of 2nd period - Shot Misses the Net.
2:40 of 2nd period - Shot by Roman Josi .
2:40 of 2nd period - Shot Hit the Post.
2:47 of 2nd period - Brenden Dillon is hit by Tony DeAngelo and loses puck.
3:15 of 2nd period - Shot by Yegor Sharangovich.
3:15 of 2nd period - Stopped by Laurent Brossoit without a rebound.
3:16 of 2nd period - Clayton Keller wins face-off versus Claude Giroux in COLORADO Avalanche zone.
3:29 of 2nd period - Shot by Claude Giroux.
3:29 of 2nd period - Shot Blocked by Nikolaj Ehlers.
3:34 of 2nd period - Icing by Nikolaj Ehlers.
3:35 of 2nd period - Clayton Keller wins face-off versus Alexander Wennberg in EDMONTON Oilers zone.
3:54 of 2nd period - Shot by Nikolaj Ehlers.
3:54 of 2nd period - Stopped by Laurent Brossoit without a rebound.
3:55 of 2nd period - Claude Giroux wins face-off versus Dylan Strome in COLORADO Avalanche zone.
4:03 of 2nd period - Shot by Roman Josi .
4:03 of 2nd period - Stopped by Laurent Brossoit without a rebound.
4:04 of 2nd period - Claude Giroux wins face-off versus Evander Kane in COLORADO Avalanche zone.
4:35 of 2nd period - Roman Josi is hit by Anthony Mantha and loses puck.
5:50 of 2nd period - Shot by Mark Pysyk.
5:50 of 2nd period - Goal by Mark Pysyk - EDMONTON Oilers : 1 - COLORADO Avalanche : 2.
5:51 of 2nd period - Dylan Strome wins face-off versus Anze Kopitar in neutral zone.
6:04 of 2nd period - Shot by Jack Quinn.
6:04 of 2nd period - Goal by Jack Quinn - EDMONTON Oilers : 2 - COLORADO Avalanche : 2.
6:05 of 2nd period - Claude Giroux wins face-off versus Casey Cizikas in neutral zone.
6:48 of 2nd period - Minor Penalty to Maxime Comtois for Cross-checking.
6:49 of 2nd period - Johnny Gaudreau wins face-off versus Clayton Keller in COLORADO Avalanche zone.
6:58 of 2nd period - Mark Pysyk is hit by Mitch Marner and loses puck.
7:32 of 2nd period - Shot by Oliver Ekman-Larsson.
7:32 of 2nd period - Stopped by Laurent Brossoit without a rebound.
7:33 of 2nd period - Johnny Gaudreau wins face-off versus Evander Kane in COLORADO Avalanche zone.
7:33 of 2nd period - Johnny Gaudreau is hit by Evander Kane.
7:50 of 2nd period - Off-side.
7:51 of 2nd period - Evander Kane wins face-off versus Johnny Gaudreau in neutral zone.
7:56 of 2nd period - Shot by Tony DeAngelo.
7:56 of 2nd period - Shot Blocked by Brenden Dillon.
7:58 of 2nd period - Shot by Evander Kane.
7:58 of 2nd period - Stopped by Laurent Brossoit with a rebound.
8:00 of 2nd period - Shot by Roman Josi .
8:00 of 2nd period - Stopped by Laurent Brossoit with a rebound.
8:02 of 2nd period - Shot by Mike Amadio.
8:02 of 2nd period - Stopped by Laurent Brossoit without a rebound.
8:03 of 2nd period - Claude Giroux wins face-off versus Clayton Keller in COLORADO Avalanche zone.
8:16 of 2nd period - Icing by Mitch Marner.
8:17 of 2nd period - Clayton Keller wins face-off versus Johnny Gaudreau in EDMONTON Oilers zone.
8:17 of 2nd period - Clayton Keller is hit by Claude Giroux.
8:29 of 2nd period - Shot by Mitch Marner.
8:29 of 2nd period - Stopped by Laurent Brossoit without a rebound.
8:30 of 2nd period - Alexander Wennberg wins face-off versus Arthur Kaliyev in COLORADO Avalanche zone.
8:45 of 2nd period - Shot by Tony DeAngelo.
8:45 of 2nd period - Stopped by Laurent Brossoit without a rebound.
8:46 of 2nd period - Johnny Gaudreau wins face-off versus Clayton Keller in COLORADO Avalanche zone.
9:27 of 2nd period - Shot by Luke Glendening.
9:27 of 2nd period - Shot Blocked by Colton Parayko.
9:29 of 2nd period - Shot by Luke Glendening.
9:29 of 2nd period - Shot Misses the Net.
9:31 of 2nd period - Shot by Luke Glendening.
9:31 of 2nd period - Shot Blocked by Oliver Ekman-Larsson.
10:07 of 2nd period - Shot by Alexander Wennberg.
10:07 of 2nd period - Stopped by Mike Smith without a rebound.
10:08 of 2nd period - Claude Giroux wins face-off versus Evander Kane in EDMONTON Oilers zone.
10:24 of 2nd period - Shot by Evander Kane.
10:24 of 2nd period - Stopped by Laurent Brossoit without a rebound.
10:25 of 2nd period - Philip Tomasino wins face-off versus Clayton Keller in COLORADO Avalanche zone.
10:38 of 2nd period - Shot by Mitch Marner.
10:38 of 2nd period - Stopped by Laurent Brossoit without a rebound.
10:39 of 2nd period - Evander Kane wins face-off versus Alexander Wennberg in COLORADO Avalanche zone.
10:56 of 2nd period - Shot by Arthur Kaliyev.
10:56 of 2nd period - Shot Blocked by Jeff Petry .
10:58 of 2nd period - Shot by Evander Kane.
10:58 of 2nd period - Stopped by Laurent Brossoit without a rebound.
10:59 of 2nd period - Claude Giroux wins face-off versus Clayton Keller in COLORADO Avalanche zone.
11:04 of 2nd period - Shot by Claude Giroux.
11:04 of 2nd period - Stopped by Mike Smith with a rebound.
11:06 of 2nd period - Shot by Oliver Kylington.
11:06 of 2nd period - Stopped by Mike Smith without a rebound.
11:07 of 2nd period - Claude Giroux wins face-off versus Clayton Keller in EDMONTON Oilers zone.
11:14 of 2nd period - Tony DeAngelo is hit by Mark Pysyk.
11:28 of 2nd period - Shot by Tony DeAngelo.
11:28 of 2nd period - Shot Misses the Net.
11:30 of 2nd period - Shot by Nikolaj Ehlers.
11:30 of 2nd period - Shot Misses the Net.
11:32 of 2nd period - Shot by Mitch Marner.
11:32 of 2nd period - Stopped by Laurent Brossoit with a rebound.
11:40 of 2nd period - Shot by Nikolaj Ehlers.
11:40 of 2nd period - Stopped by Laurent Brossoit without a rebound.
11:41 of 2nd period - Alexander Wennberg wins face-off versus Arthur Kaliyev in COLORADO Avalanche zone.
11:41 of 2nd period - Alexander Wennberg is hit by Evander Kane.
12:02 of 2nd period - Shot by Gabriel Vilardi.
12:02 of 2nd period - Shot Misses the Net.
12:04 of 2nd period - Shot by Maxime Comtois.
12:04 of 2nd period - Shot Misses the Net.
12:06 of 2nd period - Shot by Maxime Comtois.
12:06 of 2nd period - Goal by Maxime Comtois - EDMONTON Oilers : 2 - COLORADO Avalanche : 3.
12:07 of 2nd period - Claude Giroux wins face-off versus Dylan Strome in neutral zone.
12:18 of 2nd period - Shot by Johnny Gaudreau.
12:18 of 2nd period - Shot Misses the Net.
12:20 of 2nd period - Shot by Johnny Gaudreau.
12:20 of 2nd period - Stopped by Mike Smith without a rebound.
12:21 of 2nd period - Alexander Wennberg wins face-off versus Clayton Keller in EDMONTON Oilers zone.
12:34 of 2nd period - Shot by Clayton Keller.
12:34 of 2nd period - Stopped by Laurent Brossoit without a rebound.
12:35 of 2nd period - Claude Giroux wins face-off versus Evander Kane in COLORADO Avalanche zone.
14:16 of 2nd period - Off-side.
14:17 of 2nd period - Dylan Strome wins face-off versus Anze Kopitar in neutral zone.
14:19 of 2nd period - Jack Quinn is hit by Brenden Dillon and loses puck.
14:30 of 2nd period - Shot by Glenn Gawdin.
14:30 of 2nd period - Stopped by Mike Smith without a rebound.
14:31 of 2nd period - Casey Cizikas wins face-off versus Claude Giroux in EDMONTON Oilers zone.
14:31 of 2nd period - Rasmus Sandin is hit by Anthony Mantha.
14:32 of 2nd period - Icing by Rasmus Sandin.
14:33 of 2nd period - Claude Giroux wins face-off versus Casey Cizikas in EDMONTON Oilers zone.
14:56 of 2nd period - Shot by Mackenzie Entwistle.
14:56 of 2nd period - Stopped by Laurent Brossoit without a rebound.
14:57 of 2nd period - Mitch Marner wins face-off versus Maxime Comtois in COLORADO Avalanche zone.
15:01 of 2nd period - Nikolaj Ehlers is hit by Mark Pysyk and loses puck.
15:04 of 2nd period - Shot by Nikolaj Ehlers.
15:04 of 2nd period - Stopped by Laurent Brossoit without a rebound.
15:05 of 2nd period - Claude Giroux wins face-off versus Clayton Keller in COLORADO Avalanche zone.
15:16 of 2nd period - Shot by Anthony Mantha.
15:16 of 2nd period - Shot Misses the Net.
15:19 of 2nd period - Icing by Roman Josi .
15:20 of 2nd period - Alexander Wennberg wins face-off versus Clayton Keller in EDMONTON Oilers zone.
15:21 of 2nd period - Shot by Gabriel Vilardi.
15:21 of 2nd period - Shot Blocked by Tony DeAngelo.
15:23 of 2nd period - Shot by Gabriel Vilardi.
15:23 of 2nd period - Shot Misses the Net.
15:40 of 2nd period - Gabriel Vilardi is hit by Roman Josi and loses puck.
16:40 of 2nd period - Shot by Claude Giroux.
16:40 of 2nd period - Shot Misses the Net.
16:51 of 2nd period - Minor Penalty to Roman Josi for Tripping.
16:52 of 2nd period - Yegor Sharangovich wins face-off versus Alexander Wennberg in EDMONTON Oilers zone.
17:17 of 2nd period - Anze Kopitar is hit by Evander Kane and loses puck.
17:28 of 2nd period - Oliver Ekman-Larsson is hit by Anze Kopitar and loses puck.
17:44 of 2nd period - Icing by Claude Giroux.
17:45 of 2nd period - Evander Kane wins face-off versus Claude Giroux in COLORADO Avalanche zone.
18:47 of 2nd period - Shot by Jeff Petry .
18:47 of 2nd period - Shot Blocked by Rasmus Sandin.
19:04 of 2nd period - Shot by Johnny Gaudreau.
19:04 of 2nd period - Stopped by Mike Smith without a rebound.
19:05 of 2nd period - Glenn Gawdin wins face-off versus Dylan Strome in EDMONTON Oilers zone.
19:33 of 2nd period - Icing by Glenn Gawdin.
19:34 of 2nd period - Anze Kopitar wins face-off versus Evander Kane in COLORADO Avalanche zone.
19:51 of 2nd period - Shot by Mike Amadio.
19:51 of 2nd period - Deflect By Arthur Kaliyev.
19:51 of 2nd period - Shot Misses the Net.
Goals for this period are 1 for EDMONTON Oilers vs 2 for COLORADO Avalanche .
Shots for this period are 18 for EDMONTON Oilers vs 10 for COLORADO Avalanche .

3rd period


0:01 of 3rd period - Claude Giroux wins face-off versus Clayton Keller in neutral zone.
0:22 of 3rd period - Icing by Jeff Petry .
0:23 of 3rd period - Claude Giroux wins face-off versus Evander Kane in COLORADO Avalanche zone.
0:23 of 3rd period - Claude Giroux is hit by Evander Kane.
0:26 of 3rd period - Icing by Johnny Gaudreau.
0:27 of 3rd period - Evander Kane wins face-off versus Claude Giroux in COLORADO Avalanche zone.
1:32 of 3rd period - Icing by Jeff Petry .
1:33 of 3rd period - Claude Giroux wins face-off versus Jack Quinn in COLORADO Avalanche zone.
1:53 of 3rd period - Icing by Oliver Kylington.
1:54 of 3rd period - Alexander Wennberg wins face-off versus Clayton Keller in COLORADO Avalanche zone.
1:54 of 3rd period - Alexander Wennberg is hit by Clayton Keller.
2:04 of 3rd period - Shot by Mitch Marner.
2:04 of 3rd period - Stopped by Laurent Brossoit without a rebound.
2:05 of 3rd period - Evander Kane wins face-off versus Anze Kopitar in COLORADO Avalanche zone.
2:38 of 3rd period - Shot by Glenn Gawdin.
2:38 of 3rd period - Goal by Glenn Gawdin - EDMONTON Oilers : 2 - COLORADO Avalanche : 4.
2:38 of 3rd period - Kyle Keyser enters game.
2:39 of 3rd period - Clayton Keller wins face-off versus Alexander Wennberg in neutral zone.
2:50 of 3rd period - Shot by Mitch Marner.
2:50 of 3rd period - Stopped by Laurent Brossoit without a rebound.
2:51 of 3rd period - Jack Quinn wins face-off versus Anthony Mantha in COLORADO Avalanche zone.
2:54 of 3rd period - Shot by Jack Quinn.
2:54 of 3rd period - Shot Misses the Net.
3:20 of 3rd period - Jack Quinn is hit by Anthony Mantha.
3:27 of 3rd period - Tony DeAngelo is hit by Anthony Mantha and loses puck.
4:03 of 3rd period - Shot by Gabriel Vilardi.
4:03 of 3rd period - Shot Misses the Net.
4:05 of 3rd period - Shot by Mark Pysyk.
4:05 of 3rd period - Shot Blocked by Roman Josi .
4:07 of 3rd period - Shot by Alexander Wennberg.
4:07 of 3rd period - Stopped by Kyle Keyser with a rebound.
4:09 of 3rd period - Shot by Alexander Wennberg.
4:09 of 3rd period - Shot Misses the Net.
4:11 of 3rd period - Shot by Maxime Comtois.
4:11 of 3rd period - Stopped by Kyle Keyser without a rebound.
4:12 of 3rd period - Clayton Keller wins face-off versus Anze Kopitar in EDMONTON Oilers zone.
5:14 of 3rd period - Off-side.
5:15 of 3rd period - Casey Cizikas wins face-off versus Claude Giroux in neutral zone.
5:26 of 3rd period - Shot by Connor Bunnaman.
5:26 of 3rd period - Stopped by Laurent Brossoit with a rebound.
5:28 of 3rd period - Shot by Rasmus Sandin.
5:28 of 3rd period - Stopped by Laurent Brossoit without a rebound.
5:29 of 3rd period - Evander Kane wins face-off versus Alexander Wennberg in COLORADO Avalanche zone.
6:02 of 3rd period - Shot by Alexander Wennberg.
6:02 of 3rd period - Stopped by Kyle Keyser without a rebound.
6:03 of 3rd period - Claude Giroux wins face-off versus Clayton Keller in EDMONTON Oilers zone.
6:18 of 3rd period - Shot by Claude Giroux.
6:18 of 3rd period - Stopped by Kyle Keyser with a rebound.
6:20 of 3rd period - Shot by Claude Giroux.
6:20 of 3rd period - Shot Hit the Post.
6:22 of 3rd period - Shot by Brenden Dillon.
6:22 of 3rd period - Shot Blocked by Mitch Marner.
6:34 of 3rd period - Shot by Anthony Mantha.
6:34 of 3rd period - Shot Misses the Net.
7:19 of 3rd period - Shot by Anze Kopitar.
7:19 of 3rd period - Stopped by Kyle Keyser without a rebound.
7:20 of 3rd period - Maxime Comtois wins face-off versus Evander Kane in EDMONTON Oilers zone.
7:28 of 3rd period - Icing by Evander Kane.
7:29 of 3rd period - Evander Kane wins face-off versus Alexander Wennberg in EDMONTON Oilers zone.
7:29 of 3rd period - Evander Kane is hit by Maxime Comtois.
7:41 of 3rd period - Shot by Evander Kane.
7:41 of 3rd period - Stopped by Laurent Brossoit without a rebound.
7:42 of 3rd period - Claude Giroux wins face-off versus Dylan Strome in COLORADO Avalanche zone.
8:35 of 3rd period - Shot by Gabriel Vilardi.
8:35 of 3rd period - Shot Misses the Net.
8:47 of 3rd period - Shot by Gabriel Vilardi.
8:47 of 3rd period - Shot Blocked by Rasmus Sandin.
8:51 of 3rd period - Shot by Alexander Wennberg.
8:51 of 3rd period - Deflect By Gabriel Vilardi.
8:51 of 3rd period - Shot Misses the Net.
8:53 of 3rd period - Shot by Maxime Comtois.
8:53 of 3rd period - Shot Misses the Net.
8:55 of 3rd period - Shot by Oliver Kylington.
8:55 of 3rd period - Stopped by Kyle Keyser without a rebound.
8:56 of 3rd period - Anze Kopitar wins face-off versus Clayton Keller in EDMONTON Oilers zone.
9:00 of 3rd period - Icing by Roman Josi .
9:01 of 3rd period - Anze Kopitar wins face-off versus Clayton Keller in EDMONTON Oilers zone.
9:01 of 3rd period - Jeff Petry is hit by Tony DeAngelo and loses puck.
9:40 of 3rd period - Mitch Marner is hit by Glenn Gawdin and loses puck.
10:18 of 3rd period - Shot by Arthur Kaliyev.
10:18 of 3rd period - Stopped by Laurent Brossoit with a rebound.
10:36 of 3rd period - Johnny Gaudreau is hit by Evander Kane and loses puck.
10:40 of 3rd period - Icing by Oliver Kylington.
10:41 of 3rd period - Dylan Strome wins face-off versus Claude Giroux in COLORADO Avalanche zone.
10:48 of 3rd period - Shot by Dylan Strome.
10:48 of 3rd period - Goal by Dylan Strome - EDMONTON Oilers : 3 - COLORADO Avalanche : 4.
10:49 of 3rd period - Claude Giroux wins face-off versus Jack Quinn in neutral zone.
10:49 of 3rd period - Claude Giroux is hit by Dylan Strome.
11:04 of 3rd period - Icing by Rasmus Sandin.
11:05 of 3rd period - Alexander Wennberg wins face-off versus Dylan Strome in EDMONTON Oilers zone.
11:15 of 3rd period - Minor Penalty to Alexander Romanov for Tripping.
11:16 of 3rd period - Claude Giroux wins face-off versus Nikolaj Ehlers in EDMONTON Oilers zone.
12:06 of 3rd period - Icing by Noah Dobson.
12:07 of 3rd period - Claude Giroux wins face-off versus Nikolaj Ehlers in COLORADO Avalanche zone.
13:34 of 3rd period - Icing by Rasmus Sandin.
13:35 of 3rd period - Dylan Strome wins face-off versus Anze Kopitar in EDMONTON Oilers zone.
14:02 of 3rd period - Shot by Jack Quinn.
14:02 of 3rd period - Shot Misses the Net.
14:55 of 3rd period - Shot by Clayton Keller.
14:55 of 3rd period - Shot Misses the Net.
14:57 of 3rd period - Shot by Roman Josi .
14:57 of 3rd period - Stopped by Laurent Brossoit without a rebound.
14:58 of 3rd period - Claude Giroux wins face-off versus Evander Kane in COLORADO Avalanche zone.
14:58 of 3rd period - Claude Giroux is hit by Evander Kane.
15:37 of 3rd period - Shot by Mike Amadio.
15:37 of 3rd period - Shot Blocked by Jeff Petry .
16:03 of 3rd period - Shot by Tony DeAngelo.
16:03 of 3rd period - Stopped by Laurent Brossoit without a rebound.
16:04 of 3rd period - Maxime Comtois wins face-off versus Casey Cizikas in COLORADO Avalanche zone.
17:29 of 3rd period - Shot by Mitch Marner.
17:29 of 3rd period - Deflect By Nikolaj Ehlers.
17:29 of 3rd period - Stopped by Laurent Brossoit without a rebound.
17:30 of 3rd period - Philip Tomasino wins face-off versus Evander Kane in COLORADO Avalanche zone.
18:05 of 3rd period - Icing by Philip Tomasino.
18:06 of 3rd period - Dylan Strome wins face-off versus Philip Tomasino in COLORADO Avalanche zone.
18:28 of 3rd period - Off-side.
18:29 of 3rd period - Alexander Wennberg wins face-off versus Clayton Keller in neutral zone.
19:06 of 3rd period - EDMONTON Oilers , Kyle Keyser is pulled from the net.
19:14 of 3rd period - Shot by Rasmus Sandin.
19:14 of 3rd period - Stopped by Laurent Brossoit without a rebound.
19:15 of 3rd period - Clayton Keller wins face-off versus Claude Giroux in COLORADO Avalanche zone.
19:37 of 3rd period - Roman Josi is hit by Brenden Dillon and loses puck.
19:52 of 3rd period - Shot by Johnny Gaudreau.
19:52 of 3rd period - Goal by Johnny Gaudreau - EDMONTON Oilers : 3 - COLORADO Avalanche : 5.
19:52 of 3rd period - Kyle Keyser from EDMONTON Oilers was sent back in the game.
19:53 of 3rd period - Anze Kopitar wins face-off versus Mike Amadio in neutral zone.
19:53 of 3rd period - Oliver Kylington is hit by Evander Kane and loses puck.
Goals for this period are 1 for EDMONTON Oilers vs 2 for COLORADO Avalanche .
Shots for this period are 11 for EDMONTON Oilers vs 8 for COLORADO Avalanche .